 Dungeon Crawl Stone Soup version 0.16-a0-2930-gdd371d7 (webtiles) character file.

123 Yol the Grasshopper (level 4, -2/23 HPs)
             Began as a Spriggan Warper on Dec 1, 2014.
             Slain by an iguana (15 damage)
             ... on level 4 of the Dungeon on Dec 2, 2014.
             The game lasted 01:08:23 (3237 turns).

Yol the Grasshopper (Spriggan Warper)               Turns: 3237, Time: 01:08:23

Health: -2/23      AC:  2    Str:  7    XL:     4   Next: 79%
Magic:  12/15      EV: 18    Int: 15    God:
Gold:   143        SH:  0    Dex: 15    Spells: 5 memorised, 1 level left

rFire  . . .     SeeInvis +     x - +1 short sword
rCold  . . .     Clarity  .     b - +0 robe
rNeg   . . .     SustAb   .     (shield restricted)
rPois  .         Gourm    .     (helmet restricted)
rElec  .         Spirit   .     (no cloak)
rCorr  .         Warding  .     (gloves unavailable)
rMut   .         Stasis   .     (boots unavailable)
MR     .....                    (no amulet)
Stlth  +.........               (no ring)
                                f - ring of see invisible

@: very quick, not resistant to hostile enchantments, very unstealthy
A: unfitting armour, see invisible, herbivore 3, speed 3, slow metabolism 2
a: no special abilities


You were on level 4 of the Dungeon.
You were not hungry.

You visited 1 branch of the dungeon, and saw 4 of its levels.

You collected 143 gold pieces.

Inventory:

Hand weapons
 a - a +1 hand axe
 j - a +0 whip
 l - a +0 club
 m - a +0 whip
 n - a +0 club
 v - a +0 trident
 w - a +0 spear
 x - a +1 short sword (weapon)
 y - a +0 dagger
 D - a +0 dagger
 E - a +0 flail
 H - a +0 club
 I - a +0 dagger
 J - the +9 hunting sling of Olear {flame, rPois Str+2, unknown}
   (You found it on level 4 of the Dungeon)

   It turns projectiles fired from it into bolts of flame.
   It affects your strength (+2).
   It protects you from poison.
Missiles
 e - 21 poisoned arrows
 p - 18 sling bullets
 B - 6 poisoned needles (quivered)
 K - 6 tomahawks
Armour
 b - a +0 robe (worn)
Jewellery
 f - a ring of see invisible (left hand)
 o - an uncursed amulet of regeneration {unknown}
 t - a +3 ring of protection {unknown}
 L - an uncursed ring of protection from magic {unknown}
Scrolls
 d - a scroll of blinking
 k - 2 scrolls of fear
 q - a scroll of teleportation {unknown}
 s - 4 scrolls of identify {unknown}
 F - 2 scrolls of remove curse {unknown}
Potions
 g - a potion of lignification
 h - a potion of ambrosia {unknown}
 u - a potion of beneficial mutation {unknown}
 z - a potion of agility {unknown}
 A - a potion of flight {unknown}
 C - a potion of curing {unknown}
Books
 c - a book of Spatial Translocations

   Spells                             Type                      Level
   a - Apportation                    Translocation                1
   b - Blink                          Translocation                2
   c - Shroud of Golubria             Charms/Translocation         2
   d - Portal Projectile              Translocation                3
   e - Teleport Other                 Translocation                3
   f - Passage of Golubria            Translocation                4
 G - a book of Conjurations

   Spells                             Type                      Level
   a - Magic Dart                     Conjuration                  1
   b - Searing Ray                    Conjuration                  2
   c - Dazzling Spray                 Conjuration/Hexes            3
   d - Fulminant Prism                Conjuration/Hexes            4
   e - Iskenderun's Mystic Blast      Conjuration                  4
   f - Iskenderun's Battlesphere      Conjuration/Charms           5
Comestibles
 i - 4 bread rations


   Skills:
 + Level 2.0 Fighting
 + Level 1.7 Axes
 + Level 1.2 Throwing
 + Level 0.6 Armour
 + Level 3.6 Dodging
 + Level 4.1 Spellcasting
 + Level 1.9 Charms
 + Level 5.7 Translocations


You had one spell level left.
You knew the following spells:

 Your Spells              Type           Power        Failure   Level  Hunger
a - Apportation           Tloc           ###.......   1%          1    None
b - Blink                 Tloc           N/A          2%          2    ##.....
c - Shroud of Golubria    Chrm/Tloc      ##........   8%          2    ##.....
d - Teleport Other        Tloc           ###.....     6%          3    ###....
e - Searing Ray           Conj           #.....       28%         2    ##.....


Dungeon Overview and Level Annotations

Branches:
Dungeon (4/15)             Temple (0/1) D:4

Altars:

Annotations:
D:3 Grinder


Innate Abilities, Weirdness & Mutations

You are tiny and cannot use many weapons and most armour.
You have supernaturally acute eyesight.
You are a herbivore.
You cover ground extremely quickly.
You need consume almost no food.


Message History

The iguana closely misses you.
You closely miss the iguana.
The iguana is heavily wounded.
The iguana barely misses you.
You hit the iguana but do no damage.
The iguana is heavily wounded.
The iguana bites you.
* * * LOW HITPOINT WARNING * * *
Drink which item? (? for menu, Esc to quit)
You feel much better. The iguana misses you.
You puncture the iguana!
The iguana is almost dead.
The iguana bites you!
Your shroud falls apart!
Casting: Shroud of Golubria
Confirm with . or Enter, or press ? or * to list all spells.
Space distorts slightly along a thin shroud covering your body.
The iguana bites you!
Ouch! That really hurt!
You die...

.>..⌠..###########..%..
........................
...###.######...........
.⌠.# #.[....'...........
(..# #......#......#+#
.##(#..####.#......# .
.#..# #.#......# .
....####.#...l..#
##...##.......@#(#
#...##........#.#
#...##........+.# .
........# # ........#
........# ########


You could see an iguana.

Vanquished Creatures
  A worker ant (D:4)
  2 gnolls (D:3)
  2 adders
  A giant mite (D:1)
  A worm (D:3)
  An orc (D:3)
  10 bats
  A giant cockroach (D:2)
  8 goblins
  6 hobgoblins
  3 quokkas
  A giant gecko (D:4)
  3 giant newts
  6 kobolds
  9 rats
55 creatures vanquished.

Notes
Turn   | Place    | Note
--------------------------------------------------------------
     0 | D:1      | Yol, the Spriggan Warper, began the quest for the Orb.
     0 | D:1      | Reached XP level 1. HP: 10/10 MP: 4/4
   122 | D:1      | Reached XP level 2. HP: 2/15 MP: 7/7
   399 | D:1      | Reached skill level 5 in Translocations
  1010 | D:1      | Learned a level 2 spell: Blink
  1013 | D:1      | Learned a level 2 spell: Shroud of Golubria
  1365 | D:2      | Reached XP level 3. HP: 18/18 MP: 7/10
  1999 | D:3      | Upgraded the game from 0.16-a0-2921-g3a24241 to 0.16-a0-2930-gdd371d7
  2004 | D:3      | Learned a level 3 spell: Teleport Other
  2195 | D:3      | Reached skill level 1 in Charms
  2211 | D:3      | Reached XP level 4. HP: 2/23 MP: 0/14
  2621 | D:3      | Learned a level 2 spell: Searing Ray
  2806 | D:3      | Noticed Grinder
  3133 | D:4      | Noticed an ogre
  3178 | D:4      | Noticed a giant frog
  3191 | D:4      | Found a staircase to the Ecumenical Temple.
  3222 | D:4      | Got a jewelled hunting sling
  3237 | D:4      | Slain by an iguana

Action                   |  1- 3 |  4- 6 || total
-------------------------+-------+-------++-------
Melee: Hand axe          |   141 |       ||   141
       Short sword       |       |    67 ||    67
Throw: Tomahawk          |     5 |       ||     5
 Cast: Apportation       |     4 |       ||     4
       Shroud of Golubri |    12 |    10 ||    22
       Blink             |     3 |     3 ||     6
       Teleport Other    |     4 |       ||     4
       Searing Ray       |       |     4 ||     4
  Use: Scroll            |     2 |     2 ||     4
       Potion            |     2 |     1 ||     3
  Eat: Bread ration      |     1 |       ||     1
